 Dungeon Crawl Stone Soup version 0.30-b1-2-g02819fbbbe (webtiles) character file.

Game seed: 2417700670926844403

110 prikolics the Grasshopper (level 4, -3/40 HPs)
             Began as a Naga Warper on Aug 11, 2023.
             Slain by a gnoll
             ... wielding a +0 halberd of venom
              (13 damage)
             ... on level 2 of the Dungeon.
             The game lasted 00:08:38 (1918 turns).

prikolics the Grasshopper (Naga Warper)             Turns: 1918, Time: 00:08:39

Health: -3/40      AC:  2    Str: 13    XL:     4   Next: 91%
Magic:  7/7        EV:  9    Int: 15    God:
Gold:   105        SH:  0    Dex: 11    Spells: 5/7 levels left

rFire   . . .        n - +2 demon blade (elec)
rCold   . . .        (no shield)
rNeg    . . .        b - +0 leather armour
rPois   +            (no helmet)
rElec   .            (no cloak)
rCorr   .            (no gloves)
SInv    +            (no barding)
Will    .....        (no amulet)
Stlth   ++           (no ring)
HPRegen 0.26/turn    (no ring)
MPRegen 0.10/turn

%: no passive effects
@: lethally poisoned (-3 -> -12), short of breath, very slow
A: AC +1, large, see invisible, deformed body, poison resistance, slowness 2,
spit poison 1, naga tail 1
a: Spit Poison


You were on level 2 of the Dungeon.
You visited 1 branch of the dungeon, and saw 2 of its levels.

You collected 105 gold pieces.

Inventory:

Hand Weapons
 a - a +0 spear
 n - a +2 demon blade of electrocution (weapon)
Missiles
 d - 4 boomerangs of dispersal (quivered)
 q - 2 boomerangs
Armour
 b - a +0 leather armour (worn)
Magical Staves
 h - a staff of earth
Jewellery
 o - an amulet of guardian spirit
Scrolls
 c - a scroll of blinking
 e - a scroll of fog {unknown}
 f - a scroll of noise {unknown}
 j - 2 scrolls of teleportation {unknown}
 l - a scroll of acquirement {unknown}
 m - a scroll of vulnerability {unknown}
 r - a scroll of identify {unknown}
Potions
 g - a potion of invisibility {unknown}
 i - a potion of lignification {unknown}
 k - a potion of haste {unknown}
 p - a potion of attraction {unknown}


   Skills:
 + Level 2.5 Fighting
 + Level 0.2 Long Blades
 + Level 2.3 Polearms
 + Level 1.2 Throwing
 - Level 0.7 Armour
 + Level 2.0 Dodging
 * Level 3.1 Stealth
 + Level 2.1 Spellcasting
 * Level 3.9 Translocations


You had 5 spell levels left.
You knew the following spells:

 Your Spells              Type           Power      Damage    Failure   Level
a - Blink                 Tloc           26%        N/A       9%          2

Your spell library contained the following spells:

 Spells                   Type           Power      Damage    Failure   Level
 Lesser Beckoning         Tloc           26%        N/A       9%          2
 Teleport Other           Tloc           13%        N/A       17%         3
 Vhi's Electric Charge    Tloc/Air       14%        N/A       36%         3
 Manifold Assault         Tloc           13%        N/A       50%         4
 Ozocubu's Armour         Ice            1%         N/A       63%         3
 Ozocubu's Refrigeration  Ice            0%         4d7       100%        7


Dungeon Overview and Level Annotations

Branches:
Dungeon (2/15)

Altars:

Annotations:
D:2 1 runed translucent door, Crazy Yiuf


Innate Abilities, Weirdness & Mutations

Your serpentine skin is tough. (AC +1)
You have supernaturally acute eyesight. (SInv)
Armour fits poorly on your strangely shaped body.
Your system is resistant to poisons. (rPois)
You cover ground very slowly.
You can spit poison.
You have a snake-like lower body.


Message History

The endoplasm quivers.
You hit the endoplasm.
You kill the endoplasm!
You have got your breath back.
r - a scroll labelled FIOSUO ONUO
Things that are here:
a +0 club; a +0 robe A gnoll comes into view.
It is wielding a +0 halberd of venom.
Aiming: Spit Poison (1% risk of failure)
Press: ? - help, Shift-Dir - straight line, f - gnoll
Aim: a gnoll, wielding a +0 halberd of venom (65% to hit)
The splash of poison hits the gnoll.
The gnoll is poisoned.
The gnoll is moderately wounded.
Throw: 6 boomerangs (disperse)
Press: ? - help, Q - select action, (/) - cycle Shift-Dir - straight line, f/p - gnoll
Aim: a gnoll, wielding a +0 halberd of venom (heavily wounded, poisoned, 60% to hit)
You throw a boomerang of dispersal.
The boomerang of dispersal closely misses the gnoll.
Throw: 5 boomerangs (disperse)
Press: ? - help, Q - select action, (/) - cycle Shift-Dir - straight line, f/p - gnoll
Aim: a gnoll, wielding a +0 halberd of venom (heavily wounded, poisoned, 60% to hit)
You throw a boomerang of dispersal.
The boomerang of dispersal barely misses the gnoll.
You have got your breath back.
The gnoll hits you with a +0 halberd of venom!
You are poisoned.
The gnoll barely misses you.
You hit the gnoll.
The gnoll is severely wounded.
You feel very sick.
The gnoll hits you with a +0 halberd of venom!
* * * LOW HITPOINT WARNING * * *
Aiming: Spit Poison (1% risk of failure)
Press: ? - help, Shift-Dir - straight line, f/p - gnoll
Aim: a gnoll, wielding a +0 halberd of venom (severely wounded, poisoned, 65% to hit)
The splash of poison misses the gnoll.
* * * LOW HITPOINT WARNING * * *
You feel sick.
The gnoll hits you with a +0 halberd of venom!
You die...

#########.##.#.# #..##
#.........##.#.# #÷...
#.######.###.#.#########.###
#.# #..................# #
#.# ##.###.###.#########
######.######.# #)# #.#
#...........#.# #.# #.#
#.####.####...###.# #.# #.#
#.# #...##g@## ### # #.# #.#
#.......# # #.#
#.###...##.###♣♣♣♣♣ # #.#
#..###.###.#)#..♣.♣♣♣ ###
..# ##.# #.#
#..)....♣..♣#...# ### #.#
#.# #......♣♣♣♣.+...# #
#.###.###...#.♣♣ ♣♣#..)#
#.##...##.###♣♣ ###
#######..........#


You could see a gnoll (poisoned).

Vanquished Creatures
  Jessica (D:2)
  2 adders (D:2)
  2 dart slugs
  3 ball pythons
  7 bats
  3 endoplasms
  3 giant cockroaches
  10 hobgoblins
  7 jackals
  A quokka (D:2)
  3 frilled lizards
  4 goblins
  7 kobolds
  2 rats
55 creatures vanquished.

Vanquished Creatures (others)
  9 plants (D:2)
9 creatures vanquished.

Grand Total: 64 creatures vanquished

Notes
Turn   | Place    | Note
-------+----------+-------------------------------------------
     0 | D:1      | prikolics the Naga Warper began the quest for the Orb.
     0 | D:1      | Reached XP level 1. HP: 19/19 MP: 3/3
    30 | D:1      | Reached skill level 1 in Throwing
   145 | D:1      | Reached skill level 1 in Stealth
   145 | D:1      | Reached XP level 2. HP: 6/26 MP: 5/5
   228 | D:1      | Learned a level 2 spell: Blink
   627 | D:1      | Reached XP level 3. HP: 27/32 MP: 6/6
  1233 | D:2      | Found a faded altar of an unknown god.
  1471 | D:2      | Reached XP level 4. HP: 39/39 MP: 7/7
  1554 | D:2      | Noticed Jessica
  1559 | D:2      | Killed Jessica
  1625 | D:2      | Found a runed translucent door.
  1626 | D:2      | Noticed Crazy Yiuf
  1918 | D:2      | Slain by a gnoll

Illustrated notes

Levels and vault maps discovered:
D:1:      minmay_arrival_four_loops, layout_basic,
          amcnicky_mini_corridor_feature
D:2:      layout_loops_ring, chequers_ecumenical_altar_twisty,
          chequers_serial_rivers_micro_e, serial_bayou_pond_b, uniq_jessica,
          uniq_crazy_yiuf_cottage

Skill      XL: |  1  2  3  4 |
---------------+-------------+-----
Throwing       | 1 |  1.2
Stealth        | 1 2 3 |  3.1
Dodging        | 2 |  2.0
Fighting       | |  2.5
Long Blades    | |  0.2
Polearms       | |  2.3
Armour         | |  0.7
Spellcasting   | |  2.1
Translocations | |  3.9

Action                     |  1- 3 |  4- 6 || total
---------------------------+-------+-------++-------
  Melee: Spear             |    79 |       ||    79
         Demon blade       |    20 |    14 ||    34
  Throw: Stone             |     2 |       ||     2
         Boomerang         |       |     3 ||     3
Ability: Spit Poison       |    38 |    10 ||    48
 Armour: Leather armour    |    15 |     6 ||    21
  Dodge: Dodged            |    53 |     2 ||    55
